 Dungeon Crawl Stone Soup version 0.27-a0-40-g5f2be0e231 (webtiles) character file.

Game seed: 5505802982813496924

3805 dolemite99 the Spear-Bearer (level 10, 0/74 HPs)
             Began as a Merfolk Gladiator on Jan 6, 2021.
             Was a Follower of Uskayaw.
             Slain by a killer bee (1 damage)
             ... on level 8 of the Dungeon.
             The game lasted 00:13:17 (12086 turns).

dolemite99 the Spear-Bearer (Merfolk Gladiator)    Turns: 12086, Time: 00:13:18

Health: 0/74       AC: 19    Str: 20    XL:     10   Next: 17%
Magic:  14/14      EV:  9    Int:  8    God:    Uskayaw [*.....]
Gold:   138        SH:  5    Dex: 16    Spells: 9/9 levels left

rFire    . . .     SeeInvis .   a - +2 trident
rCold    + + .     Faith    +   m - +2 buckler
rNeg     . . .     Spirit   .   w - +0 chain mail
rPois    .         Reflect  .   c - +2 helmet
rElec    .         Harm     .   C - +1 cloak
rCorr    .         Rampage  .   p - +2 pair of gloves {Str+3}
Will     .....                  (no boots)
Stlth    ..........             o - amulet of faith
HPRegen  0.22/turn              f - ring of stealth
MPRegen  0.14/turn              k - ring of protection from cold

@: flying
A: change form in water, swift swim, stealthy swim, cold resistance 1
a: Renounce Religion, Stomp


You were on level 8 of the Dungeon.
You worshipped Uskayaw.
Uskayaw was noncommittal.
You visited 1 branch of the dungeon, and saw 8 of its levels.

You collected 418 gold pieces.
You spent 280 gold pieces at shops.

Inventory:

Hand Weapons
 a - a +2 trident (weapon)
 j - the +1 quarterstaff of Vanity {flame, *Contam +Blink Int+3}
   (You found it on level 4 of the Dungeon)

   It has been specially enchanted to burn those struck by it, causing extra
   injury to most foes and up to half again as much damage against particularly
   susceptible opponents.
   It affects your intelligence (+3).
   It lets you blink.
   It causes magical contamination when unequipped.
 r - a +0 hunting sling
 v - a +1 falchion of holy wrath
 z - a cursed +2 falchion of freezing
Missiles
 d - 33 poisoned darts (quivered)
 h - 190 stones
 q - 100 sling bullets
 u - 18 bolts
Armour
 c - a +2 helmet (worn)
 m - a +2 buckler (worn)
 p - a +2 pair of gloves of strength (worn)
 w - a +0 chain mail (worn)
 C - a +1 cloak (worn)
Magical Staves
 x - an uncursed staff of air {unknown}
Jewellery
 f - a ring of stealth (left hand)
 k - a ring of protection from cold (right hand)
 o - an amulet of faith (around neck)
Wands
 t - a wand of flame (15)
Scrolls
 e - a scroll of identify {@r1}
 g - 6 scrolls of remove curse {@r2}
 i - 5 scrolls of amnesia
 l - 2 scrolls of teleportation
 y - a scroll of magic mapping
 A - 2 scrolls of immolation
 B - a scroll of silence


   Skills:
 - Level 5.3 Fighting
 - Level 12.0 Polearms
 - Level 2.0 Throwing
 - Level 7.4 Armour
 - Level 4.0 Dodging
 + Level 5.3 Invocations


You had 9 spell levels left.
You didn't know any spells.
Your spell library contained the following spells:

 Spells                   Type           Power        Failure   Level
 Magic Dart               Conj           0%           99%         1
 Searing Ray              Conj           0%           100%        2
 Confusing Touch          Hex            0%           100%        3
 Dazzling Flash           Conj/Hex       0%           100%        3
 Gell's Gravitas          Tloc           0%           100%        3
 Fulminant Prism          Conj/Hex       0%           100%        4
 Iskenderun's Mystic Bla  Conj/Tloc      0%           100%        4
 Petrify                  Tmut/Erth      0%           100%        4
 Metabolic Englaciation   Hex/Ice        0%           100%        5
 Yara's Violent Unravell  Hex/Tmut       0%           100%        5


Dungeon Overview and Level Annotations

Branches:
Dungeon (8/15)             Temple (0/1) D:7
   Lair: D:8-11

Altars:
Cheibriados
Dithmenos
Kikubaaqudgha
Ru
Uskayaw

Shops:
D:4 *   D:7 ?


Innate Abilities, Weirdness & Mutations

You revert to your normal form in water.
You are very nimble and swift while swimming.
You are very stealthy in the water. (Stealth+)
Your flesh is cold resistant. (rC+)


Message History

The bullfrog hits you but does no damage.
The bullfrog hits you.
* * * LOW HITPOINT WARNING * * *
The adder skeleton bites you but does no damage.
The killer bee stings you.
* * * LOW HITPOINT WARNING * * *
The bullfrog hits you but does no damage.
Okay, then.
The orc wizard points at you and mumbles some strange words.
The puff of flame hits you.
* * * LOW HITPOINT WARNING * * *
The bullfrog closely misses you. The orc hits you but does no damage.
The killer bee stings you but does no damage. x2
You block the killer bee's attack.
The orc wizard looks braver for a moment.
You block the orc's attack.
The killer bee stings you but does no damage.
The killer bee barely misses you. You block the killer bee's attack.
The killer bee stings you.
You die...

..##.<.((.# .....#........(.)##
## .......#.......(#..## ##.
.............#..##...### ##..
............o...........### ...
#...........Z.............###..
#......8...o.§§§...........##..
##........§§§y§§§..........##..
.......8..§§oy@§...............
..........§FFy#.....<.......##.
.#.....8..§o####............#..
..........§## ##..........#....
.......8....# ............##...
..........#.# #...........###.#
.........##... ......#.##.# ###
.......##. .... .....## ### #
[...... ....... #..### #


You could see a bullfrog, 3 killer bees, 2 orcs and an adder skeleton.

Vanquished Creatures
  A manticore (D:8)
  Prince Ribbit (D:7)
  Menkaure (D:4)
  Duvessa (D:5)
  2 orc warriors
  A black bear (D:7)
  An ice beast (D:8)
  3 sky beasts
  2 phantoms (D:4)
  2 ogres
  2 centaurs
  A big kobold (D:7)
  4 bullfrogs
  Dowan (D:5)
  A scorpion (D:8)
  5 wights (D:6)
  4 howler monkeys (D:6)
  A bullfrog zombie (D:7)
  A quasit (D:6)
  A hound (D:5)
  3 jellies
  4 bullfrog skeletons
  7 orc priests
  4 orc wizards
  An iguana (D:4)
  2 worker ants
  A killer bee zombie (D:5)
  A hound skeleton (D:6)
  2 worker ant zombies
  A howler monkey zombie (D:5)
  3 gnolls
  13 adders
  A shadow imp (D:5)
  2 ufetubi
  An ooze (D:4)
  An adder zombie (D:5)
  An adder skeleton (D:4)
  3 worms
  A dart slug (D:3)
  6 leopard geckos
  32 orcs
  A ball python (D:5)
  6 giant cockroaches
  10 goblins
  5 hobgoblins
  6 jackals
  8 kobolds
  2 quokkas
  8 bats
  3 frilled lizards
  3 leopard gecko skeletons
  28 rats
206 creatures vanquished.

Vanquished Creatures (others)
  A gnoll (D:3)
  2 orcs (D:3)
  A kobold (D:3)
  A plant (D:4)
5 creatures vanquished.

Grand Total: 211 creatures vanquished

Notes
Turn   | Place    | Note
-------+----------+-------------------------------------------
     0 | D:1      | dolemite99 the Merfolk Gladiator began the quest for the
                  | Orb.
     0 | D:1      | Reached XP level 1. HP: 16/16 MP: 1/1
   157 | D:1      | Reached skill level 5 in Polearms
   221 | D:1      | Reached XP level 2. HP: 22/22 MP: 2/2
   836 | D:2      | Found a hide-covered altar of Uskayaw.
  1104 | D:2      | Became a worshipper of Uskayaw the Reveller
  1207 | D:2      | Reached * piety under Uskayaw
  1214 | D:2      | Reached skill level 6 in Polearms
  1214 | D:2      | Reached XP level 3. HP: 27/27 MP: 3/3
  1235 | D:2      | Reached ** piety under Uskayaw
  2086 | D:2      | Reached XP level 4. HP: 33/33 MP: 4/4
  2133 | D:2      | Reached skill level 7 in Polearms
  2160 | D:2      | Found an ancient bone altar of Kikubaaqudgha.
  2943 | D:3      | Found a faded altar of an unknown god.
  3080 | D:3      | Reached *** piety under Uskayaw
  3094 | D:3      | Reached skill level 8 in Polearms
  3094 | D:3      | Reached XP level 5. HP: 25/38 MP: 5/5
  3097 | D:3      | Reached **** piety under Uskayaw
  3738 | D:4      | Noticed Menkaure
  3756 | D:4      | Killed Menkaure
  3757 | D:4      | Reached skill level 10 in Polearms
  3757 | D:4      | Reached XP level 6. HP: 15/44 MP: 6/6
  4432 | D:4      | Noticed a phantom
  4489 | D:4      | Killed a phantom
  4490 | D:4      | Reached skill level 11 in Polearms
  4490 | D:4      | Reached XP level 7. HP: 41/50 MP: 7/7
  4694 | D:4      | Found Ijotrilo's Assorted Antiques.
  4723 | D:4      | Bought a scroll of identify for 36 gold pieces
  4723 | D:4      | Bought a scroll labelled CEAHYW IBUET for 18 gold pieces
  4740 | D:4      | Bought a scroll of identify for 36 gold pieces
  4785 | D:4      | Found a snail-covered altar of Cheibriados.
  4785 | D:4      | Found a sacrificial altar of Ru.
  4819 | D:4      | Found a shadowy altar of Dithmenos.
  4874 | D:4      | Got an ancient quarterstaff
  4883 | D:4      | Identified the cursed +1 quarterstaff of Vanity {flame,
                  | *Contam +Blink Int+3} (You found it on level 4 of the
                  | Dungeon)
  4897 | D:4      | Gained mutation: Your flesh is cold resistant. (rC+)
                  | [mutagenic glow]
  4919 | D:4      | Reached ***** piety under Uskayaw
  4922 | D:4      | Reached skill level 12 in Polearms
  5934 | D:5      | Entered Level 5 of the Dungeon
  6115 | D:5      | Noticed Dowan
  6139 | D:5      | Killed Dowan
  6322 | D:5      | Noticed Duvessa
  6390 | D:5      | Killed Duvessa
  6391 | D:5      | Reached XP level 8. HP: 26/61 MP: 8/8
  6670 | D:5      | Reached skill level 5 in Fighting
  7040 | D:5      | Reached skill level 1 in Armour
  7866 | D:7      | Found Ulyam's Magic Scroll Emporium.
  8262 | D:6      | Reached XP level 9. HP: 33/67 MP: 9/9
  8900 | D:7      | Reached skill level 5 in Armour
  9791 | D:7      | Noticed Prince Ribbit
  9817 | D:7      | Killed Prince Ribbit
 10374 | D:7      | Bought a scroll of silence for 75 gold pieces
 10374 | D:7      | Bought a scroll of enchant weapon for 75 gold pieces
 10374 | D:7      | Bought a scroll of identify for 20 gold pieces
 10374 | D:7      | Bought a scroll of fog for 20 gold pieces
 10622 | D:7      | Found a staircase to the Ecumenical Temple.
 11199 | D:8      | Reached skill level 1 in Invocations
 11462 | D:8      | Reached XP level 10. HP: 40/74 MP: 10/12
 11741 | D:8      | Noticed a manticore
 11757 | D:8      | Killed a manticore
 11758 | D:8      | Reached skill level 5 in Invocations
 12066 | D:8      | Noticed a boulder beetle
 12084 | D:8      | HP: 1/74 [orc wizard/puff of flame (4)]
 12086 | D:8      | Slain by a killer bee

Illustrated notes

Levels and vault maps discovered:
D:1:      dpeg_arrival_round_a, layout_loops_cross
D:2:      layout_loops_ring, lemuel_coloured_pillars_altar, old_standard_altar,
          minivault_26
D:3:      minmay_spotlight, layout_basic, chequers_ecumenical_altar_twisty,
          lemuel_old_faithful
D:4:      minmay_chambers_of_threes, layout_gridville,
          nicolae_dithmenos_shadow_blocks, amethyst_overflow_temple_binary,
          serial_shops, nicolae_shop_overgrown_old_shop, minmay_liquid_box,
          minmay_rat_hole, uniq_menkaure
D:5:      minmay_skewed_foursquare, layout_basic, uniq_duvessa
D:6:      layout_basic
D:7:      layout_rooms, temple_doors_e, serial_shops, shop, uniq_prince_ribbit1
D:8:      lemuel_slime, layout_cave_pools, serial_column_ruins,
          column_ruins_hut, column_ruins_grid_4, column_ruins_open_tiny,
          column_ruins_columns_straight, column_ruins_open_large,
          column_ruins_columns_corner, column_ruins_open_medium

Skill      XL: |  1  2  3  4  5  6  7  8  9 10 |
---------------+-------------------------------+-----
Polearms       | 5 6 8 10 11 12 | 12.0
Fighting       | 4 5 |  5.3
Armour         | 4 7 |  7.4
Invocations    | 3 5 |  5.3
Throwing       | |  2.0
Dodging        | |  4.0

Action                   |  1- 3 |  4- 6 |  7- 9 | 10-12 || total
-------------------------+-------+-------+-------+-------++-------
Melee: Trident           |    90 |   164 |   575 |    23 ||   852
Throw: Throwing net      |     7 |       |       |       ||     7
       Dart              |    20 |    54 |   101 |    13 ||   188
Invok: Stomp             |       |       |     1 |       ||     1
Evoke: Wand              |       |       |       |     4 ||     4
  Use: Scroll            |       |     3 |    19 |     2 ||    24
       Potion            |       |       |     5 |     2 ||     7
 Stab: Sleeping          |     1 |     3 |       |       ||     4
       Distracted        |     1 |     1 |       |       ||     2
       Paralysed         |       |     2 |    10 |       ||    12
Armor: Leather armour    |    20 |    10 |       |       ||    30
       Chain mail        |       |    14 |   243 |    20 ||   277
       Skin              |       |       |       |     1 ||     1
Dodge: Dodged            |    50 |    48 |   208 |    14 ||   320
Block: Buckler           |    11 |    25 |     5 |    11 ||    52

Table legend: (Time is in decaauts)
 A = Elapsed time spent in this place.
 B = Non-inter-level travel time spent in this place.
 C = Inter-level travel time spent in this place.
 D = Time resting spent in this place.
 E = Time spent auto-exploring this place.
 F = Levels seen in this place.
 G = Mean time per level.
                   A        B        C        D        E       F      G
               +--------+--------+--------+--------+--------+-----+--------+
         Total |  11872 |  11694 |    178 |   5433 |   4250 |   8 | 1484.0 |
       Dungeon |  11872 |  11694 |    178 |   5433 |   4250 |   8 | 1484.0 |
               +--------+--------+--------+--------+--------+-----+--------+

Top non-repeatable levels by time:
     D:6: 2554 daAuts
     D:4: 2172 daAuts
     D:2: 1718 daAuts
     D:5: 1586 daAuts
     D:3: 1212 daAuts
     D:8: 1063 daAuts
     D:7: 789 daAuts
     D:1: 775 daAuts
